 Dungeon Crawl Stone Soup version 0.30-b1-2-g02819fbbbe (webtiles) character file.

Game seed: 11152665465041169853

177 MajorAdolf the Stinger (level 5, -1/48 HPs)
             Began as a Naga Wanderer on Aug 30, 2023.
             Slain by an iguana (4 damage)
             ... on level 5 of the Dungeon.
             The game lasted 00:04:44 (3865 turns).

MajorAdolf the Stinger (Naga Wanderer)              Turns: 3865, Time: 00:04:45

Health: -1/48      AC:  3    Str: 18    XL:     5   Next: 57%
Magic:  3/6        EV:  9    Int: 13    God:
Gold:   158        SH:  0    Dex:  8    Spells: 2/6 levels left

rFire   . . .        c - +0 dagger
rCold   . . .        (no shield)
rNeg    . . .        e - +0 leather armour
rPois   +            (no helmet)
rElec   .            (no cloak)
rCorr   .            (no gloves)
SInv    +            (no barding)
Will    +....        j - amulet of the acrobat
Stlth   ++           n - ring of willpower
HPRegen 0.28/turn    (no ring)
MPRegen 0.10/turn

%: acrobat
@: attractive, very slightly contaminated, very slow
A: AC +1, large, see invisible, deformed body, poison resistance, slowness 2,
spit poison 1, naga tail 1
a: Spit Poison


You were on level 5 of the Dungeon.
You visited 1 branch of the dungeon, and saw 4 of its levels.

You collected 158 gold pieces.

Inventory:

Hand Weapons
 c - a +0 dagger (weapon)
Missiles
 b - 8 boomerangs
Armour
 e - a +0 leather armour (worn)
Jewellery
 j - an amulet of the acrobat (around neck)
 n - a ring of willpower (left hand)
 v - a ring of positive energy
Scrolls
 a - a scroll of teleportation {unknown}
 d - a scroll of fog
 f - 2 scrolls of butterflies {unknown}
 g - a scroll of identify {unknown}
 h - 2 scrolls of vulnerability {unknown}
 k - a scroll of immolation {unknown}
 l - 2 scrolls of magic mapping {unknown}
 o - 2 scrolls of noise {unknown}
 q - 2 scrolls of enchant weapon {unknown}
 r - a scroll of silence {unknown}
 t - a scroll of poison {unknown}
 u - a scroll of amnesia {unknown}
Potions
 i - a potion of attraction
 m - a potion of mutation {unknown}
 p - 2 potions of flight {unknown}
 s - a potion of magic {unknown}


   Skills:
 + Level 2.9 Fighting
 + Level 2.8 Short Blades
 - Level 1.7 Throwing
 + Level 3.1 Stealth
 - Level 1.0 Spellcasting
 + Level 1.9 Conjurations
 + Level 1.8 Air Magic
 + Level 3.6 Poison Magic
 - Level 1.0 Evocations


You had 2 spell levels left.
You knew the following spells:

 Your Spells              Type           Power      Damage    Failure   Level
a - Sting                 Tmut/Pois      20%        1d4       16%         1
b - Mephitic Cloud        Conj/Pois/Air  7%         N/A       34%         3

Your spell library contained the following spells:

 Spells                   Type           Power      Damage    Failure   Level
 Magic Dart               Conj           20%        1d4       16%         1
 Call Imp                 Summ           0%         N/A       45%         2
 Olgreb's Toxic Radiance  Pois           10%        N/A       58%         4
 Call Canine Familiar     Summ           0%         N/A       69%         3
 Portal Projectile        Hex/Tloc       0%         N/A       69%         3
 Leda's Liquefaction      Hex/Erth       0%         N/A       97%         4


Dungeon Overview and Level Annotations

Branches:
Dungeon (5/15)
 Temple: D:4-7

Altars:

Annotations:
D:5 exclusion: sleepcap, Blork the orc


Innate Abilities, Weirdness & Mutations

Your serpentine skin is tough. (AC +1)
You have supernaturally acute eyesight. (SInv)
Armour fits poorly on your strangely shaped body.
Your system is resistant to poisons. (rPois)
You cover ground very slowly.
You can spit poison.
You have a snake-like lower body.


Message History

Blork the orc closely misses you.
You miscast Sting.
You are very lightly contaminated with residual magic.
Nothing appears to happen.
You have got your breath back.
Blork the orc hits you with a +0 dire flail! x2
Unknown command.
You are too injured to fight recklessly!
Casting: Sting (safe; 16% risk of failure)
Confirm with . or Enter, or press ? or * to list all spells.
Aiming: Sting (safe; 16% risk of failure)
Press: ? - help, Shift-Dir - straight line, f/p - Blork the orc
Aim: Blork the orc, wielding a +0 dire flail and wearing a +0 robe (heavily wounded, fast, poisoned, 72% to hit)
The sting misses Blork the orc.
Blork the orc looks satisfied for a moment.
Unknown command.
Press: ? - help, v - describe, . - travel
Here: Blork the orc, wielding a +0 dire flail and wearing a +0 robe (heavily wounded, fast, poisoned)
The floor.
The iguana attacks as you move away! The iguana bites you.
Blork the orc barely misses you.
Aiming: Spit Poison (1% risk of failure)
Press: ? - help, Shift-Dir - straight line, f/p - Blork the orc
Aim: Blork the orc, wielding a +0 dire flail and wearing a +0 robe (heavily wounded, fast, poisoned, 65% to hit)
The splash of poison hits Blork the orc.
Blork the orc looks even sicker.
Blork the orc is heavily wounded.
Blork the orc barely misses you. The iguana bites you.
Blork the orc barely misses you. Blork the orc casts a spell at you.
The puff of flame hits you!
* * * LOW HITPOINT WARNING * * *
The iguana bites you!
* * * LOW HITPOINT WARNING * * *
Unknown command.
It was a potion of attraction.
You feel attractive to monsters.
You have got your breath back.
Blork the orc barely misses you. The iguana bites you.
You die...

... ... #.. #.# #########
#.# #####........ #.#
##.....# #.# ##..#####
#.# ###l.##
#†#####.@o#####
##.##.............
########.......##########
....>.......####
.#######.#.## #..#.#
#.##.# ## #.#..# .####
#(..##


You could see Blork the orc (fast, very poisoned) and an iguana.

Vanquished Creatures
  A scorpion (D:5)
  4 adders
  A worm (D:5)
  5 dart slugs
  10 orcs (D:3)
  6 ball pythons
  4 endoplasms
  5 goblins
  2 hobgoblins
  4 jackals (D:1)
  3 quokkas
  4 bats
  5 frilled lizards
  4 kobolds
  5 rats
63 creatures vanquished.

Notes
Turn   | Place    | Note
-------+----------+-------------------------------------------
     0 | D:1      | MajorAdolf the Naga Wanderer began the quest for the Orb.
     0 | D:1      | MajorAdolf set off with the following items: a +0 short
                  | sword, 8 boomerangs, a +0 dagger, a scroll of fog, a +0
                  | leather armour; and the following spell memorised: Sting;
                  | and the following spells available to memorise: Mephitic
                  | Cloud, Olgreb's Toxic Radiance.
     0 | D:1      | Reached XP level 1. HP: 19/19 MP: 2/2
   358 | D:1      | Reached XP level 2. HP: 26/26 MP: 0/3
   409 | D:1      | Reached skill level 1 in Stealth
  1051 | D:1      | Reached skill level 1 in Conjurations
  1051 | D:1      | Reached XP level 3. HP: 20/32 MP: 1/4
  1101 | D:2      | Reached skill level 1 in Air Magic
  2129 | D:2      | Reached XP level 4. HP: 34/40 MP: 0/5
  2133 | D:2      | Learned a level 3 spell: Mephitic Cloud
  3491 | D:3      | Reached XP level 5. HP: 46/46 MP: 2/6
  3571 | D:3      | You fall into a shaft and drop 2 floors!
  3571 | D:5      | Entered Level 5 of the Dungeon
  3851 | D:5      | Noticed Blork the orc
  3865 | D:5      | Slain by an iguana

Illustrated notes

Levels and vault maps discovered:
D:1:      dpeg_arrival_line_fractal, layout_loops_ring, feat_on_display
D:2:      layout_loops_ring
D:3:      minmay_general_purpose_star, layout_loops_cross,
          kennysheep_small_spiral, wad_orctagon
D:5:      layout_rooms, uniq_menkaure, uniq_blork_the_orc, uniq_duvessa

Skill      XL: |  1  2  3  4  5 |
---------------+----------------+-----
Stealth        | 1 2 3 |  3.1
Poison Magic   | 3 |  3.6
Conjurations   | 1 |  1.9
Air Magic      | 1 |  1.8
Fighting       | |  2.9
Short Blades   | |  2.8
Throwing       | |  1.7
Spellcasting   | |  1.0
Evocations     | |  1.0

Action                     |  1- 3 |  4- 6 || total
---------------------------+-------+-------++-------
  Melee: Short sword       |    23 |       ||    23
         Dagger            |    17 |    23 ||    40
  Throw: Boomerang         |     2 |       ||     2
   Cast: Sting             |    51 |    49 ||   100
Ability: Spit Poison       |     9 |    11 ||    20
    Use: Potion            |       |     1 ||     1
 Armour: Leather armour    |    13 |     7 ||    20
  Dodge: Dodged            |    37 |    52 ||    89
